 Dungeon Crawl Stone Soup version 0.13.0-18-g7b03ea5 (webtiles) character file.

1121454 Kejsarherre the Skullcrusher (level 27, -17/319 (322) HPs)
             Began as an Ogre Wanderer on Oct 21, 2013.
             Was the Champion of the Shining One.
             Demolished by a large abomination (28 damage)
             ... summoned by Mnoleg
             ... in Pandemonium on Oct 22, 2013.
             The game lasted 06:58:47 (106563 turns).

Kejsarherre the Skullcrusher (Ogre Wanderer)      Turns: 106563, Time: 06:58:48

HP -17/319 (322) AC 24     Str 27 (29) XL: 27
MP   0/47        EV 12     Int 15 (16) God: the Shining One [******]
Gold 11231       SH  0     Dex  7      Spells:  9 memorised, 21 levels left

Res.Fire  : + + +   See Invis. : .   a - +9 giant spiked club (holy)
Res.Cold  : . . .   Warding    : .   o - +8 fire dragon armour
Life Prot.: + + +   Conserve   : .   (shield restricted)
Res.Poison: +       Res.Corr.  : .   s - +2 hat of the Bear Spirit {Spirit, +Rage rN+ MR+}
Res.Elec. : .       Clarity    : .   J - +2 cloak {MR+}
Sust.Abil.: . .     Spirit.Shd : +   (gloves unavailable)
Res.Mut.  : +       Stasis     : .   (boots unavailable)
Res.Rott. : .       Flight     : .   q - amulet of resist mutation
Saprovore : + . .                    n - ring "Staycvoa" {Wiz rF+}
                                     u - ring of Colizxur {+Inv rPois rC+ MP+9 Acc+4 Dam+3 Stlth++}

@: very slightly contaminated, hasted, glowing, constricted, very quick,
extraordinarily resistant to hostile enchantments, extremely unstealthy
A: unfitting armour, horns 1, deformed body, deterioration 2, fast metabolism 1,
-10% mp, saprovore 1, tough skin 1, Str -2, Int +2, Dex -2
a: Divine Shield, Cleansing Flame, Summon Divine Warrior, Renounce Religion,
Evoke Berserk Rage, Evoke Invisibility
}: 13/15 runes: decaying, serpentine, slimy, silver, iron, obsidian, icy, bone,
abyssal, demonic, magical, fiery, dark


You were in Pandemonium.
You worshipped the Shining One. the Shining One was exalted by your worship.
You were full.

You visited 15 branches of the dungeon, and saw 98 of its levels.
You visited Pandemonium 1 time, and saw 21 of its levels.
You visited the Abyss 2 times.
You also visited: Trove, Ice Cave and Volcano.

You collected 15891 gold pieces.
You spent 4710 gold pieces at shops.

Inventory:

Hand weapons
 a - a +9,+9 giant spiked club of holy wrath (weapon)
 e - the cursed +9,+4 eveningstar of Yredelemnul's Hatred {venom, Str+1, unknown}
   (You found it on level 7 of the Iron City of Dis)

   It poisons the flesh of those it strikes.
   It affects your strength (+1).
   It has a curse placed upon it.
   The Shining One disapproves of the use of such an item.
Armour
 d - a +5 ice dragon armour
 o - a +8 fire dragon armour (worn)
 s - the +2 hat of the Bear Spirit (worn) {Spirit, +Rage rN+ MR+}
   (You found it on level 1 of the Lair of Beasts)

   It protects you from negative energy.
   It affects your resistance to hostile enchantments.
   It lets you go berserk.
 J - a +2 cloak of magic resistance (worn)
Magical devices
 c - a wand of digging (20)
 v - a wand of teleportation (4)
 M - a wand of heal wounds (5)
 U - a wand of disintegration (6)
 X - a wand of teleportation (5)
 Y - a wand of disintegration (13)
Comestibles
 j - 17 bread rations
 C - a choko
 D - a meat ration
Scrolls
 t - 2 scrolls of teleportation
 L - 2 scrolls of remove curse
 V - a scroll of holy word
 Z - 2 scrolls of recharging
Jewellery
 h - a cursed amulet of clarity
 i - an uncursed ring of protection from fire
 l - an uncursed amulet of conservation
 m - an uncursed amulet of the gourmand
 n - the ring "Staycvoa" (right hand) {Wiz rF+}
   (You found it on level 6 of the Pits of Slime)

   [ring of wizardry]

   It protects you from fire.
 q - an amulet of resist mutation (around neck)
 u - the ring of Colizxur (left hand) {+Inv rPois rC+ MP+9 Acc+4 Dam+3 Stlth++}
   (You found it on level 5 of the Crypt)

   [ring of magical power]

   It affects your accuracy (+4).
   It affects your damage-dealing abilities (+3).
   It protects you from cold.
   It protects you from poison.
   It lets you turn invisible.
   It makes you much more stealthy.
 B - the ring of Vitality {Regen HP+15}
   (You found it on level 7 of the Iron City of Dis)

   [ring of regeneration]

   It affects your health (+15).
 H - an uncursed amulet of stasis
 O - an uncursed ring of protection from cold
 S - an uncursed ring of protection from cold
 T - the ring of Robustness {AC+8}
   (You bought it in a shop on level 9 of the Dungeon)

   [ring of protection]

   It affects your AC (+8).
Potions
 g - 6 potions of brilliance
 k - 6 potions of might
 w - 3 potions of speed
 x - 4 potions of flight
 z - 2 potions of heal wounds
 F - 5 potions of berserk rage
 G - 6 potions of curing
 N - 4 potions of magic
 R - 9 potions of restore abilities
 W - 5 potions of agility
Books
 K - a book of Dreams

   Spells                             Type                      Level
   Ensorcelled Hibernation            Hexes/Ice                    2
   *Flight                            Charms/Air                   3
   Phase Shift                        Translocation                5
   Shadow Creatures                   Summoning                    5
   Mass Confusion                     Hexes                        6
   Darkness                           Hexes                        7
Miscellaneous
 f - a fan of gales (inert)
 p - a fan of gales
 r - a lamp of fire (inert)
 y - a lamp of fire
 A - a fan of gales
 E - a phial of floods (inert)
 I - a fan of gales
 P - a phial of floods (inert)
 Q - a fan of gales
Rods
 b - a +9 rod of frigid destruction (17/17)
   (You found it on level 2 of the Lair of Beasts)


   Skills:
 O Level 27 Fighting
 O Level 27 Maces & Flails
 - Level 16.5 Armour
 - Level 19.3 Dodging
 - Level 1.0 Shields
 + Level 14.2 Spellcasting
 - Level 12.1 Charms
 - Level 17.0 Translocations
 - Level 12.0 Air Magic
 - Level 1.0 Earth Magic
 - Level 22.7 Invocations
 - Level 16.2 Evocations


You had 21 spell levels left.
You knew the following spells:

 Your Spells              Type           Power        Failure   Level  Hunger
a - Flight                Chrm/Air       #####.....   1%          3    None
b - Swiftness             Chrm/Air       #####.....   1%          2    None
c - Repel Missiles        Chrm/Air       #####.....   1%          2    None
d - Deflect Missiles      Chrm/Air       #####.....   3%          6    ######.
e - Blink                 Tloc           N/A          0%          2    None
f - Dig                   Erth           ##......     22%         4    ##.....
g - Apportation           Tloc           ######....   0%          1    None
h - Haste                 Chrm           #####...     3%          6    ######.
i - Controlled Blink      Tloc           N/A          3%          7    #######


Dungeon Overview and Level Annotations

Branches:
Dungeon (27/27)            Temple (1/1) D:4             Orc (4/4) D:6
    Elf (3/3) Orc:4          Lair (8/8) D:11          Swamp (5/5) Lair:3
  Snake (5/5) Lair:3        Slime (6/6) Lair:7       Vaults (5/5) D:17
  Blade (0/1) Vaults:3      Crypt (5/5) Vaults:2       Tomb (0/3) Crypt:2
    Dis (7/7) Hell            Geh (7/7) Hell            Coc (7/7) Hell
    Tar (7/7) Hell            Zot (0/5) D:27

Altars:
Ashenzari
Cheibriados
Elyvilon
Fedhas
Kikubaaqudgha
Makhleb
Nemelex Xobeh
Okawaru
Sif Muna
Trog
Vehumet
Xom
Yredelemnul
Zin
the Shining One
Beogh
Jiyva

Shops:
D:6 [   D:9 [=(*[   D:12 *[   D:13 *   D:18 *   Orc:4 [(?=!   Elf:3 *

Portals:
Hell: D:21 D:22 D:23 D:24 D:25 D:26 D:27
Abyss: D:21 D:22 D:23 D:25 D:27
Pandemonium: D:22 D:23 D:24*

Annotations:
D:2 1 exclusion, Crazy Yiuf
D:27 exclusions: 2 draconian callers and 1 more exclusion
Crypt:1 Frances, Mennas
Pan Mnoleg


Innate Abilities, Weirdness & Mutations

You are too large for most types of armour.
You have a fast metabolism.
You can tolerate rotten meat.
You have tough skin (AC +1).
You have a pair of small horns on your head.
Your mind is acute. (Int +2)
You are clumsy. (Dex -2)
Armour fits poorly on your strangely shaped body.
Your body is deteriorating.
Your magical capacity is low (-10% MP).
You are weak. (Str -2)


Message History

You feel much better.
The tentacled monstrosity tentacle-slaps you!
* * * LOW HITPOINT WARNING * * *
The tentacled monstrosity barely misses you.
The tentacled monstrosity tentacle-slaps you but does no damage.
The large abomination hits you!
* * * LOW HITPOINT WARNING * * *
The cacodemon closely misses you. The cacodemon hits you.
* * * LOW HITPOINT WARNING * * *
Drink which item? (? for menu, Esc to quit)
You feel much better. Mnoleg hits you but does no damage. Mnoleg hits you!
* * * LOW HITPOINT WARNING * * *
Mnoleg blinks!
The large abomination hits you!
* * * LOW HITPOINT WARNING * * *
The great orb of eyes barely misses you.
The tentacled monstrosity tentacle-slaps you but does no damage.
The tentacled monstrosity constricts you.
The large abomination hits you but does no damage.
The large abomination hits you!
You die...

..).#####.....
#...X.........#
#.......(...#
#.........#
#....*....#
#....w....#
#......XX&#
#......5GX##
#....w.5X@2X#
#..***...XXX≈≈#
#..*..#####GXwG≈#
....# ##GG≈≈.#
..# #≈≈...# #
#...$ #.. #


You could see Mnoleg, 3 tentacled monstrosities, 2 eldritch tentacles, a
cacodemon, 2 great orbs of eyes, an eye of devastation, 6 large abominations, a
brain worm, 2 giant eyeballs, an iron imp and a lemure.

Vanquished Creatures
  Antaeus (Coc:7)
  Cerebov (Pan)
  the royal jelly (Slime:6)
  Ereshkigal (Tar:7)
  Gloorx Vloq (Pan)
  Dispater (Dis:7)
  Lom Lobon (Pan)
  the Serpent of Hell (Geh:7)
  5 ancient liches
  Saint Roka (Swamp:4)
  Boris (twice) (D:24 D:25)
  Lamia (Snake:3)
  Mara (Vaults:3)
  Geryon (Hell)
  2 golden dragons (Vaults:5)
  Jory (D:21)
  A player illusion (Vaults:3)
  Xtahua (D:21)
  Frederick (D:21)
  Nikola (D:14)
  16 Brimstone Fiends
  A pandemonium lord (Pan)
  12 bone dragons
  6 Hell Sentinels (Dis:7)
  A hellephant (Abyss:1)
  10 tentacled monstrosities
  32 Ice Fiends
  4 quicksilver dragons
  3 deep elf blademasters (Elf:3)
  3 titans
  15 liches
  17 Shadow Fiends
  21 acid blobs
  3 deep elf master archers (Elf:3)
  3 eldritch tentacles
  A sphinx (D:26)
  5 storm dragons
  Rupert (Swamp:3)
  Agnes (Snake:5)
  12 Executioners
  3 ancient champions
  Kirke (D:15)
  Roxanne (D:15)
  8 shadow dragons
  9 tengu reavers
  2 revenants (Crypt:2)
  22 tentacled starspawn
  6 fire giants
  Donald (Swamp:1)
  Wiglaf (Swamp:2)
  Maud (Swamp:1)
  9 iron dragons
  16 vault wardens
  7 frost giants
  4 ghouls
  Aizul (Swamp:4)
  A ghost moth (shapeshifter) (D:26)
  Louise (Snake:4)
  8 deep elf sorcerers
  4 curse skulls
  An orc warlord (Orc:4)
  A draconian zealot (D:27)
  16 azure jellies
  6 cacodemons
  21 balrugs
  An angel (Dis:7)
  61 reapers
  A draconian annihilator (Abyss:5)
  52 stone giants
  5 greater nagas (Snake:5)
  A green draconian (D:27)
  3 eidola
  A draconian caller (D:27)
  9 green deaths
  A grey draconian (Abyss:5)
  3 deep elf demonologists
  4 lorocyprocas
  A dire elephant (Abyss:1)
  4 deep elf annihilators (Elf:3)
  Azrael (Snake:2)
  A black draconian (D:27)
  5 vampire knights
  A mottled draconian (D:27)
  A red draconian (D:27)
  3 unborn
  6 blizzard demons
  12 ettins
  Snorg (Swamp:1)
  8 deep elf death magi
  3 dragons
  13 death oozes
  14 jiangshi
  34 yaktaur captains
  46 vault guards
  A kraken zombie (Coc:7)
  5 dancing weapons (Crypt:5)
  Fannar (Orc:3)
  Harold (D:10)
  15 ironheart preservers
  Josephine (D:10)
  The ghost of inmateoo the Hoplite, a powerful OpBe of Trog (IceCv)
  31 hydras
  A deep elf high priest (Vaults:5)
  9 great orbs of eyes
  8 ice dragons
  Nessos (Orc:3)
  2 anacondas
  An alligator (shapeshifter) (Vaults:5)
  3 deep dwarf death knights
  11 deep troll shamans
  2 ravenous feature mimics
  13 alligators
  18 ogre magi
  3 plague shamblers
  12 death yaks
  7 deep troll earth magi
  An iron elemental (Dis:6)
  7 vampire magi
  6 very ugly things
  13 naga warriors
  25 centaur warriors
  8 wretched stars (Abyss:5)
  A spectral elf (Crypt:2)
  Urug (D:12)
  23 hell knights
  28 sun demons
  5 orc high priests
  6 rakshasas
  11 hell hogs
  5 thrashing horrors
  45 soul eaters
  A fire crab (shapeshifter) (D:17)
  20 iron golems
  5 catoblepae
  Nergalle (Orc:3)
  16 deep elf knights
  2 titan skeletons
  2 storm dragon zombies (D:21)
  12 shadow wraiths
  3 giant orange brains
  3 fire crabs
  11 iron trolls
  12 unseen horrors
  131 skeletal warriors
  4 spatial maelstroms
  3 storm dragon skeletons
  A sea snake (shapeshifter) (Vaults:5)
  7 flaming corpses
  A giant orange brain (shapeshifter) (Elf:1)
  59 large abominations
  4 death drakes
  A golden dragon zombie (Crypt:5)
  4 lindwurms (Lair:8)
  A swamp dragon (shapeshifter) (Vaults:5)
  8 swamp dragons
  12 hill giants
  15 ironbrand convokers
  12 necromancers
  30 ice devils
  12 flayed ghosts
  An ice statue (IceCv)
  18 shadow demons
  22 hellions
  An anaconda skeleton (Crypt:5)
  27 orc knights
  A wolf spider zombie (D:12)
  35 deep trolls
  9 shadow dragon zombies
  Pikel (D:6)
  2 air elementals (Elf:3)
  17 giant amoebae
  3 crystal golems (Crypt:5)
  4 wizards
  11 deep elf conjurers
  32 iron dragon zombies
  6 orc sorcerers
  8 shadow dragon skeletons
  A deep dwarf berserker (Abyss:5)
  6 statues (Volcano)
  6 red wasps
  5 wolf spiders
  3 frost giant zombies
  6 stone giant zombies
  A shining eye (shapeshifter) (D:26)
  25 phantasmal warriors
  A red wasp (shapeshifter) (Vaults:1)
  11 cyclopes
  11 hell beasts
  A fire giant zombie (Vaults:2)
  An eye of devastation (shapeshifter) (Vaults:5)
  6 guardian serpents
  A stone golem (Abyss:1)
  12 shining eyes
  A spectral ettin (D:20)
  4 eyes of devastation
  14 sixfirhies
  4 fire giant skeletons
  3 iron dragon skeletons
  8 spiny worms
  27 stone giant skeletons
  A dire elephant zombie (Crypt:5)
  2 frost giant skeletons (Crypt:3)
  3 elephants (Lair:5)
  5 griffons
  A moth of wrath (shapeshifter) (Vaults:5)
  8 deep elf summoners
  4 apocalypse crabs
  60 smoke demons
  28 tormentors
  2 feature mimics
  27 black mambas
  A black mamba (shapeshifter) (Vaults:1)
  24 vault sentinels
  5 dire elephant skeletons (Crypt:3)
  A storm dragon simulacrum (Crypt:2)
  A purple draconian zombie (Abyss:3)
  A vapour (Swamp:3)
  44 orange demons
  An ancient bear zombie (Crypt:1)
  2 spectral humans (Crypt:5)
  An iron troll zombie (Vaults:2)
  16 spiny frogs
  2 mermaids (shapeshifter)
  5 fire drakes
  A redback zombie (Vaults:2)
  An alligator snapping turtle skeleton (Crypt:4)
  3 silent spectres
  53 hellwings
  62 yaktaurs
  10 demonic crawlers
  3 grey draconian skeletons
  22 blue devils
  2 white draconian skeletons
  26 iron devils
  34 red devils
  4 efreet
  5 komodo dragons
  5 guardian mummies (Crypt:2)
  A queen bee (Abyss:5)
  A wolf spider simulacrum (D:14)
  A demonic crawler zombie (Pan)
  9 deep elf priests
  12 death drake zombies
  21 naga magi
  17 polar bears
  A troll (shapeshifter) (Vaults:4)
  3 fire drakes (shapeshifter)
  2 komodo dragons (shapeshifter)
  9 ancient zymes
  A spriggan (shapeshifter) (D:21)
  4 jumping spiders
  2 queen bees (shapeshifter)
  An iron troll skeleton (Vaults:4)
  8 giant leeches
  The ghost of 4tharraofdagon the Poker, an average MfGl of Makhleb (D:6)
  A siren skeleton (Crypt:3)
  2 wind drakes (shapeshifter) (Vaults:4)
  2 fire vortices (Pan)
  30 two-headed ogres
  13 boulder beetles
  7 bog bodies
  2 slime creatures (shapeshifter)
  A wind drake (D:27)
  14 death drake skeletons
  13 trolls
  A blink frog (shapeshifter) (Vaults:2)
  134 slime creatures
  26 ice dragon zombies
  A basilisk (shapeshifter) (Elf:2)
  A guardian serpent zombie (Abyss:2)
  A red wasp zombie (Vaults:1)
  10 blink frogs
  An elf zombie (Crypt:4)
  3 basilisks
  12 baby alligators
  A baby alligator (shapeshifter) (Vaults:2)
  3 ettin zombies
  A stone giant simulacrum (Crypt:1)
  14 water elementals
  2 griffon skeletons
  A snapping turtle (shapeshifter) (D:25)
  9 redbacks
  137 flying skulls
  39 shadows
  2 fire elementals (Snake:2)
  14 vampires
  A dragon skeleton (Crypt:1)
  7 ettin skeletons
  12 brown oozes
  28 deep elf magi
  2 guardian serpent skeletons
  6 hogs (D:15)
  27 ice dragon skeletons
  29 metal gargoyles (Dis:7)
  38 ynoxinuls
  4 tarantellas
  A spiny worm zombie (Crypt:2)
  132 ugly things
  9 chaos spawn
  6 hippogriffs
  4 wyverns
  38 deep elf fighters
  23 wraiths
  30 neqoxecs
  A golden eye (shapeshifter) (Vaults:3)
  69 vampire mosquitoes
  A steam dragon (D:12)
  2 elephant slugs
  13 hungry ghosts
  10 molten gargoyles (Geh:7)
  67 yaks
  5 golden eyes
  A rock worm (Elf:1)
  A wind drake skeleton (Crypt:3)
  19 wolves (IceCv)
  3 clay golems
  64 swamp worms
  A hill giant skeleton (D:15)
  A plague shambler skeleton (Crypt:3)
  4 spatial vortices
  19 necrophages
  A human zombie (Crypt:5)
  A soldier ant (D:19)
  3 ogre zombies
  5 porcupines
  A deep troll zombie (D:21)
  24 small abominations
  A soldier ant (shapeshifter) (Elf:2)
  8 deep troll skeletons
  24 swamp drakes
  62 orc warriors
  60 nagas
  2 draconian skeletons
  3 manticores
  29 hell hounds
  A naga (shapeshifter) (D:19)
  A swamp dragon zombie (Crypt:4)
  4 mottled dragons
  A blink frog zombie (Crypt:2)
  9 giant goldfish
  5 sky beasts
  A guardian serpent simulacrum (Abyss:5)
  An ice dragon simulacrum (Coc:2)
  28 freezing wraiths
  A deep dwarf (D:9)
  18 ice beasts
  A slave (D:5)
  57 ogres
  A death drake simulacrum (Tar:7)
  50 centaurs
  9 phantoms
  18 rotting devils
  3 black bears
  A tengu (shapeshifter) (D:14)
  6 big kobolds
  A lindwurm skeleton (Crypt:3)
  7 crocodiles
  10 lava worms
  2 yaktaur zombies
  11 wargs
  A giant slug (shapeshifter) (D:27)
  10 giant frogs
  11 giant slugs
  A spiny worm simulacrum (Crypt:3)
  2 brain worms
  2 giant slug zombies
  A chimera skeleton (Crypt:1)
  A glowing shapeshifter simulacrum (D:21)
  A manticore zombie (D:13)
  26 insubstantial wisps
  8 agate snails
  48 water moccasins
  4 yaktaur skeletons
  A cyclops zombie (D:17)
  An eye of draining (shapeshifter) (D:13)
  A cyclops skeleton (D:14)
  2 troll zombies
  4 boulder beetle zombies
  7 eyes of draining
  11 giant goldfish zombies
  A rock worm zombie (D:13)
  2 yak skeletons
  A fire bat (Volcano)
  A troll skeleton (D:15)
  61 wights
  A grizzly bear skeleton (Crypt:3)
  A killer bee (shapeshifter) (D:26)
  23 jellyfish
  23 lava fish
  6 killer bees (D:10)
  4 quasits
  12 electric eels
  3 lava snakes (Volcano)
  22 crimson imps
  3 centaur zombies
  6 goliath beetles
  3 pulsating lumps
  A wolf skeleton (Crypt:3)
  29 iron imps
  15 two-headed ogre zombies
  27 jellies
  A centaur skeleton (D:9)
  2 gnoll shamans
  63 starcursed masses
  A giant frog zombie (D:13)
  8 worker ants
  4 big fish
  A black bear zombie (Crypt:5)
  49 orc priests
  3 basilisk zombies
  2 scorpions
  2 giant frog skeletons
  6 iguanas
  16 orange rats
  5 spectral orcs (Orc:3)
  14 hounds
  A centaur simulacrum (D:10)
  A killer bee zombie (D:5)
  42 orc wizards
  20 sheep
  A felid skeleton (Crypt:3)
  Ijyb (D:6)
  A brain worm zombie (D:10)
  A big kobold zombie (D:12)
  2 deep dwarf skeletons (Abyss:5)
  A mottled dragon skeleton (Crypt:1)
  An octopode simulacrum (Abyss:5)
  14 mummies
  3 worker ant zombies
  3 orange rat zombies (Hell)
  14 gnolls
  A naga skeleton (Crypt:1)
  6 big fish zombies
  A brain worm simulacrum (Abyss:5)
  An ogre simulacrum (D:10)
  2 orange rat skeletons (Hell)
  41 adders
  55 green rats
  9 shadow imps
  15 lemures
  19 white imps
  13 giant centipedes
  6 giant mites
  An inept item mimic (D:8)
  2 orange rat simulacra (Hell)
  122 ufetubi
  15 worms
  A scorpion zombie (D:9)
  An adder skeleton (D:6)
  An iguana skeleton (D:10)
  9 giant eyeballs
  6 giant geckos
  23 oozes
  224 orcs
  2 ball pythons
  18 bats
  A bat skeleton (D:7)
  30 hobgoblins
  26 jackals
  A kobold (shapeshifter) (Vaults:3)
  22 kobolds
  12 quokkas
  3 giant cockroaches
  A giant cockroach zombie (Crypt:4)
  A giant newt (D:2)
  A giant newt skeleton (D:4)
  5 giant spores
  13 goblins
  A hobgoblin skeleton (D:5)
  A hobgoblin zombie (Crypt:2)
  3 illusory rakshasas (D:14)
  A jackal skeleton (D:5)
  A lava orc skeleton (Crypt:3)
  2 orc zombies (Orc:4)
  A quokka zombie (D:6)
  14 rats
  A rat skeleton (D:6)
  28 ballistomycetes
  A crawling corpse (Elf:2)
  An eldritch tentacle segment (Tar:7)
  3 fungi
  25 starspawn tentacles
  A starspawn tentacle segment (Abyss:5)
  2 tentacles (Coc:7)
5405 creatures vanquished.

Vanquished Creatures (collateral kills)
  Asmodeus (Geh:7)
  5 Brimstone Fiends
  A Shadow Fiend (Pan)
  A deep elf master archer (Elf:3)
  A lich (Dis:5)
  5 Executioners (Pan)
  2 iron dragons (Dis:7)
  A cacodemon (Pan)
  A balrug (Pan)
  3 reapers
  A deep elf annihilator (Elf:3)
  A blizzard demon (Pan)
  2 green deaths (Pan)
  A deep elf high priest (Elf:3)
  A kraken zombie (Coc:7)
  3 ice dragons
  3 sun demons
  3 hell hogs
  A soul eater (Tar:5)
  A hell knight (Geh:2)
  7 skeletal warriors
  An iron troll (Dis:7)
  2 shadow demons
  2 giant orange brains (Pan)
  A death drake (Tar:7)
  3 ice devils
  4 wizards (Pan)
  An unseen horror (Pan)
  2 large abominations (Pan)
  2 shadow dragon zombies
  2 hellions
  2 necromancers
  A deep elf conjurer (Elf:3)
  A flaming corpse (Geh:7)
  3 iron dragon zombies
  2 sixfirhies
  3 shadow dragon skeletons
  A deep elf summoner (Elf:3)
  7 smoke demons (Pan)
  An eye of devastation (Pan)
  4 tormentors
  3 orange demons
  3 iron devils (Dis:7)
  An efreet (Pan)
  5 hellwings (Pan)
  2 death drake zombies (Tar:5)
  5 red devils
  A blue devil (Coc:7)
  3 death drake skeletons
  A shadow (Tar:7)
  7 ice dragon skeletons
  13 flying skulls
  8 ice dragon zombies
  4 ynoxinuls
  A vampire (Coc:7)
  3 water elementals
  8 neqoxecs
  3 metal gargoyles (Dis:7)
  2 wraiths
  A molten gargoyle (Geh:7)
  A human zombie (Pan)
  7 hell hounds
  3 freezing wraiths
  2 phantoms
  3 rotting devils
  A giant goldfish zombie (Coc:5)
  A shark zombie (Coc:5)
  A giant goldfish skeleton (Coc:5)
  A lava fish (Geh:7)
  4 lava snakes
  10 wights
  2 crimson imps
  A quasit (Pan)
  2 iron imps
  An orange rat (Elf:3)
  4 shadow imps
  2 white imps
  22 ufetubi
  A plant (Lair:8)
233 creatures vanquished.

Vanquished Creatures (others)
  An eldritch tentacle (Tar:7)
  A tengu reaver (Vaults:5)
  2 daevas (Pan)
  7 angels
  A lorocyproca (Pan)
  A green death (Pan)
  A yaktaur captain (D:27)
  3 holy swine (Pan)
  3 ball lightnings
  6 air elementals
  4 water elementals
  5 fire elementals
  A smoke demon (Pan)
  3 fire vortices (Pan)
  A deep elf mage (D:25)
  A ynoxinul (Abyss:2)
  2 shadows
  3 ugly things
  2 yaks
  A deep elf fighter (Vaults:2)
  2 swamp drakes
  2 small abominations (Abyss:5)
  An ogre (D:24)
  9 lost souls
  A wight (Coc:7)
  A quasit (Pan)
  A worker ant (D:14)
  A giant centipede (D:14)
  3 orcs
  2 giant spores (D:12)
  6 lurking horrors
  A spectral orc (Orc:3)
  112 eldritch tentacle segments
  2 fungi
  32 starspawn tentacles
  298 starspawn tentacle segments
  2 tentacles (Coc:7)
  35 tentacle segments (Coc:7)
560 creatures vanquished.

Grand Total: 6198 creatures vanquished

Notes
Turn   | Place    | Note
--------------------------------------------------------------
     0 | D:1      | Kejsarherre, the Ogre Wanderer, began the quest for the Orb.
     0 | D:1      | Reached XP level 1. HP: 18/18 MP: 2/2
   266 | D:1      | Reached XP level 2. HP: 19/27 MP: 4/4
   342 | D:1      | Reached skill level 1 in Maces & Flails
   381 | D:1      | Reached skill level 7 in Fighting
   819 | D:2      | Reached XP level 3. HP: 15/35 MP: 5/5
  1061 | D:2      | Noticed Crazy Yiuf
  1271 | D:2      | HP: 1/35 [poisoned by an adder]
  1781 | D:2      | Reached skill level 8 in Fighting
  1781 | D:2      | Reached XP level 4. HP: 18/45 MP: 7/7
  2538 | D:3      | Reached XP level 5. HP: 23/53 MP: 9/9
  2785 | D:3      | Noticed an ogre
  2798 | D:3      | Killed an ogre
  2798 | D:3      | Reached skill level 5 in Maces & Flails
  2907 | D:3      | Reached XP level 6. HP: 51/62 MP: 10/10
  4295 | D:4      | Reached XP level 7. HP: 45/70 MP: 12/12
  4362 | D:4      | Found a staircase to the Ecumenical Temple.
  4406 | Temple   | Entered the Ecumenical Temple
  4561 | Temple   | Became a worshipper of the Shining One
  5012 | D:5      | Entered Level 5 of the Dungeon
  5021 | D:5      | Reached skill level 9 in Maces & Flails
  5557 | D:5      | Reached skill level 10 in Maces & Flails
  5674 | D:5      | Reached XP level 8. HP: 77/79 MP: 13/13
  5844 | D:5      | Reached skill level 11 in Maces & Flails
  6162 | D:5      | Reached skill level 12 in Maces & Flails
  6590 | D:6      | Acquired the Shining One's first power
  6831 | D:6      | Reached skill level 13 in Maces & Flails
  6863 | D:6      | Got a shimmering brass amulet
  6876 | D:6      | Noticed Pikel
  6925 | D:6      | Killed Pikel
  6925 | D:6      | Reached skill level 14 in Maces & Flails
  6925 | D:6      | Reached XP level 9. HP: 84/87 MP: 15/15
  7038 | D:6      | Noticed 4tharraofdagon's ghost (average MfGl)
  7040 | D:6      | Noticed Ijyb
  7045 | D:6      | Killed 4tharraofdagon's ghost
  7050 | D:6      | Killed Ijyb
  7156 | D:6      | Found a staircase to the Orcish Mines.
  7160 | D:6      | Found Pykhoeso's Armour Shop.
  7505 | D:7      | Reached skill level 15 in Maces & Flails
  7598 | D:7      | Identified the amulet of Temptation {Ward +Rage Dex-4} (You found it on level 6 of the Dungeon)
  8585 | D:8      | Reached skill level 16 in Maces & Flails
  8631 | D:8      | Reached XP level 10. HP: 71/96 MP: 17/17
  8794 | D:8      | Acquired the Shining One's second power
  9085 | D:9      | Found Adaeki's Weapon Emporium.
  9160 | D:9      | Found Kurodah's Antique Armour Shoppe.
  9160 | D:9      | Found a shattered altar of Ashenzari.
  9218 | D:9      | Found Ocuzxiuf's General Store.
  9237 | D:9      | Bought a potion of heal wounds for 36 gold pieces
  9424 | D:9      | Noticed a cyclops
  9445 | D:9      | Killed a cyclops
  9445 | D:9      | Reached skill level 17 in Maces & Flails
  9852 | D:9      | Found Psisabo's Antique Armour Boutique.
 10072 | D:9      | Found Jamm's Jewellery Shoppe.
 10104 | D:10     | Entered Level 10 of the Dungeon
 10743 | D:10     | Reached skill level 18 in Maces & Flails
 10810 | D:10     | Noticed Josephine
 10822 | D:10     | Killed Josephine
 10823 | D:10     | Reached XP level 11. HP: 104/104 MP: 18/18
 11044 | D:10     | Noticed Harold
 11054 | D:10     | Killed Harold
 11054 | D:10     | Reached skill level 19 in Maces & Flails
 11654 | D:11     | Noticed a hill giant
 12056 | D:11     | Paralysed by a giant eyeball for 3 turns
 12088 | D:11     | Reached skill level 20 in Maces & Flails
 12673 | D:11     | Killed a hill giant
 12897 | D:11     | Noticed an unseen horror
 12900 | D:11     | Killed an unseen horror
 13093 | Orc:1    | Entered Level 1 of the Orcish Mines
 13093 | Orc:1    | Found a bloodstained altar of Trog.
 13847 | Orc:2    | Reached skill level 21 in Maces & Flails
 14594 | Orc:2    | Noticed an orc knight
 14657 | Orc:2    | Killed an orc knight
 14752 | Orc:1    | Reached XP level 12. HP: 113/113 MP: 19/19
 14985 | Orc:1    | Noticed an orc knight
 14996 | Orc:1    | Killed an orc knight
 15164 | Orc:1    | Found a roughly hewn altar of Beogh.
 15320 | Orc:3    | Found a burning altar of Makhleb.
 15671 | Orc:3    | Noticed Fannar
 15671 | Orc:3    | Noticed Nergalle
 15920 | Orc:3    | Noticed Nessos
 16373 | D:11     | Reached skill level 22 in Maces & Flails
 16837 | D:12     | Noticed Urug
 16859 | D:12     | Killed Urug
 17133 | D:12     | Found Igyn's Armour Shoppe.
 17146 | D:12     | Reached skill level 10 in Fighting
 17387 | D:12     | Found Skiast's Hardware Store.
 17388 | D:12     | Noticed a hill giant
 17402 | D:12     | Killed a hill giant
 17406 | D:12     | Acquired the Shining One's third power
 18174 | D:13     | Found Kluifar's Assorted Antiques.
 18543 | D:13     | Found a shimmering altar of Xom.
 18945 | D:13     | Identified Shrusot's Catalogue of Causality
 19384 | D:13     | Reached XP level 13. HP: 111/131 MP: 20/20
 19729 | D:6      | Bought a +2 fire dragon armour for 1562 gold pieces
 20105 | D:13     | Found a shimmering altar of Xom.
 20105 | D:13     | Found a shimmering altar of Xom.
 20106 | D:13     | Found a shimmering altar of Xom.
 20312 | D:13     | Found a shimmering altar of Xom.
 20423 | D:13     | Noticed an ogre mage
 20428 | D:13     | Killed an ogre mage
 20428 | D:13     | Reached skill level 1 in Armour
 20617 | D:13     | Gained mutation: You are agile. (Dex +2) [mutagenic meat]
 20618 | D:13     | Gained mutation: Your vision is a little blurry. [mutagenic meat]
 20619 | D:13     | Gained mutation: You are very agile. (Dex +4) [mutagenic meat]
 21190 | D:11     | Found a staircase to the Lair.
 21203 | Lair:1   | Entered Level 1 of the Lair of Beasts
 21808 | Lair:1   | Found a dark tunnel.
 21815 | Volcano  | Entered a volcano
 22130 | Volcano  | Reached skill level 15 in Fighting
 22269 | Volcano  | Found a white marble altar of Elyvilon.
 22614 | Lair:2   | Acquired the Shining One's fourth power
 23008 | Lair:2   | Identified a +0 rod of frigid destruction (13/13) (You found it on level 2 of the Lair of Beasts)
 23018 | Lair:3   | Reached skill level 5 in Armour
 23068 | Lair:3   | Found a staircase to the Swamp.
 23427 | Lair:3   | Found a staircase to the Snake Pit.
 24125 | Lair:4   | Reached XP level 14. HP: 82/146 MP: 12/21
 24800 | Lair:5   | Found a frozen archway.
 24940 | IceCv    | Entered an ice cave
 25398 | IceCv    | Noticed inmateoo's ghost (powerful OpBe)
 25430 | IceCv    | Killed inmateoo's ghost
 25477 | IceCv    | Noticed a frost giant
 25486 | IceCv    | Reached skill level 10 in Armour
 25492 | IceCv    | Killed a frost giant
 26653 | Lair:6   | Found a basalt altar of Yredelemnul.
 27135 | Lair:7   | Found a viscous altar of Jiyva.
 27136 | Lair:7   | Found a staircase to the Slime Pits.
 27629 | Lair:8   | Entered Level 8 of the Lair of Beasts
 27923 | Lair:8   | Reached XP level 15. HP: 131/156 MP: 18/22
 28200 | Lair:8   | Got an ancient cap
 28205 | Lair:8   | Identified the +3 cap of Wrong Decisions {+Rage Int+3} (You found it on level 8 of the Lair of Beasts)
 28559 | Lair:8   | Identified Maurice's Guide on the Lucky Voyage
 28933 | Lair:2   | Learned a level 1 spell: Apportation
 29021 | Swamp:1  | Entered Level 1 of the Swamp
 29035 | Swamp:1  | Paralysed by a red wasp for 3 turns
 29444 | Swamp:1  | Noticed Donald
 29455 | Swamp:1  | Killed Donald
 29508 | Swamp:1  | Noticed Maud
 29518 | Swamp:1  | Killed Maud
 29533 | Swamp:1  | Noticed Snorg
 29544 | Swamp:1  | Killed Snorg
 30219 | Swamp:2  | Noticed Wiglaf
 30235 | Swamp:2  | Killed Wiglaf
 30609 | Swamp:2  | Reached XP level 16. HP: 95/166 MP: 18/22
 31651 | Swamp:3  | Reached skill level 15 in Armour
 31670 | Swamp:3  | Noticed Rupert
 31680 | Swamp:3  | Killed Rupert
 31680 | Swamp:3  | Reached skill level 1 in Evocations
 32430 | Swamp:4  | Noticed Aizul
 32441 | Swamp:4  | Killed Aizul
 32441 | Swamp:4  | Reached skill level 5 in Evocations
 32801 | Swamp:4  | Noticed Saint Roka
 32819 | Swamp:4  | Killed Saint Roka
 33503 | Snake:1  | Entered Level 1 of the Snake Pit
 34786 | Snake:2  | Noticed Azrael
 34792 | Snake:2  | Reached XP level 17. HP: 129/174 MP: 23/29
 34797 | Snake:2  | Killed Azrael
 34937 | Snake:3  | Found a radiant altar of Vehumet.
 35238 | Snake:3  | Noticed Lamia
 35578 | Snake:3  | Killed Lamia
 35578 | Snake:3  | Reached skill level 10 in Evocations
 36206 | Snake:4  | Noticed Louise
 36231 | Snake:4  | Killed Louise
 36581 | Snake:4  | Identified a scroll of acquirement
 37643 | Orc:3    | Killed Nergalle
 37651 | Orc:3    | Killed Nessos
 37997 | Orc:3    | Killed Fannar
 38125 | Orc:3    | Noticed an ogre mage
 38135 | Orc:3    | Killed an ogre mage
 38256 | Orc:4    | Entered Level 4 of the Orcish Mines
 38256 | Orc:4    | Found a staircase to the Elven Halls.
 38263 | Orc:4    | Found Smaung's Jewellery Emporium.
 38268 | Orc:4    | Found a roughly hewn altar of Beogh.
 38287 | Orc:4    | Bought an uncursed ring of poison resistance for 260 gold pieces
 38287 | Orc:4    | Bought an uncursed amulet of the gourmand for 390 gold pieces
 38355 | Orc:4    | Found a roughly hewn altar of Beogh.
 38375 | Orc:4    | Found Dabawame's Distillery.
 38375 | Orc:4    | Found a roughly hewn altar of Beogh.
 38412 | Orc:4    | Bought a potion of heal wounds for 48 gold pieces
 38464 | Orc:4    | Found a roughly hewn altar of Beogh.
 38652 | Orc:4    | Found a roughly hewn altar of Beogh.
 38681 | Orc:4    | Found Cryugirch's Magic Scroll Shoppe.
 38692 | Orc:4    | Bought a scroll of blinking for 82 gold pieces
 38692 | Orc:4    | Bought a scroll of enchant weapon I for 82 gold pieces
 38692 | Orc:4    | Bought a scroll of recharging for 82 gold pieces
 39029 | Orc:4    | Found a roughly hewn altar of Beogh.
 39029 | Orc:4    | Found Weijar's Antique Weapon Emporium.
 39033 | Orc:4    | Found Muifiank's Antique Armour Shoppe.
 39342 | Orc:4    | Found a roughly hewn altar of Beogh.
 39836 | Swamp:5  | Entered Level 5 of the Swamp
 39846 | Swamp:5  | Reached skill level 5 in Invocations
 40982 | Swamp:5  | Got a decaying rune of Zot
 41005 | Swamp:5  | Noticed a tentacled monstrosity
 41013 | Swamp:5  | Killed a tentacled monstrosity
 41013 | Swamp:5  | Reached XP level 18. HP: 124/184 MP: 27/32
 41972 | Snake:5  | Entered Level 5 of the Snake Pit
 42473 | Snake:5  | Reached skill level 10 in Invocations
 43279 | Snake:5  | Got a serpentine rune of Zot
 43327 | Snake:5  | Noticed Agnes
 43336 | Snake:5  | Killed Agnes
 43765 | D:13     | Upgraded the game from 0.13.0-17-g5f0e85f to 0.13.0-18-g7b03ea5
 43768 | D:14     | Entered Level 14 of the Dungeon
 43768 | D:14     | Noticed Nikola
 44274 | D:14     | Killed Nikola
 44591 | D:6      | Paralysed by a giant eyeball for 2 turns
 44671 | Temple   | Identified a +8,+8 giant spiked club of holy wrath (a +7,+6 giant spiked club blessed by the Shining One)
 45097 | D:14     | Found a blossoming altar of Fedhas.
 45338 | D:15     | Entered Level 15 of the Dungeon
 45604 | D:15     | Noticed Roxanne
 45632 | D:15     | Killed Roxanne
 45694 | D:15     | Noticed Kirke
 45709 | D:15     | Killed Kirke
 46988 | D:16     | Found a white marble altar of Elyvilon.
 47097 | D:17     | Reached XP level 19. HP: 187/193 MP: 32/34
 47181 | D:17     | Paralysed by you for 4 turns
 47434 | D:17     | Found a staircase to the Vaults.
 47942 | Vaults:1 | Entered Level 1 of the Vaults
 48238 | Vaults:1 | Reached skill level 15 in Invocations
 49580 | Vaults:2 | Found an iron altar of Okawaru.
 49660 | Vaults:2 | Found a staircase to the Crypt.
 51323 | Vaults:2 | Reached XP level 20. HP: 142/204 MP: 26/37
 52155 | Vaults:3 | Found a staircase to the Hall of Blades.
 52414 | Vaults:3 | Reached skill level 1 in Dodging
 52548 | Vaults:3 | Noticed Mara
 52565 | Vaults:3 | Noticed Kejsarherre's illusion
 52568 | Vaults:3 | Killed Mara
 52583 | Vaults:3 | Killed Kejsarherre's illusion
 53675 | Vaults:3 | Reached skill level 5 in Dodging
 54290 | Vaults:3 | Reached XP level 21. HP: 200/218 MP: 35/38
 54416 | Vaults:3 | Paralysed by a giant eyeball for 4 turns
 54423 | Vaults:3 | Paralysed by a giant eyeball for 3 turns
 54809 | Vaults:4 | Paralysed by a red wasp for 3 turns
 57263 | D:9      | Bought the ring of Robustness {AC+8} for 1408 gold pieces
 57818 | D:18     | Found Topiok's General Store.
 57831 | D:18     | Bought a scroll of enchant weapon III for 200 gold pieces
 58705 | D:20     | Entered Level 20 of the Dungeon
 58714 | D:20     | Reached skill level 10 in Dodging
 59110 | D:20     | Reached XP level 22. HP: 194/232 MP: 34/39
 59600 | D:21     | Noticed Xtahua
 59612 | D:21     | Killed Xtahua
 59752 | D:21     | Noticed Jory
 59768 | D:21     | Killed Jory
 59824 | D:21     | Found a gateway to Hell.
 59874 | D:21     | Noticed Frederick
 59882 | D:21     | Killed Frederick
 59958 | D:21     | Found a one-way gate to the infinite horrors of the Abyss.
 60211 | D:22     | Found a one-way gate leading to the halls of Pandemonium.
 61853 | D:24     | Noticed Boris
 61859 | D:24     | Killed Boris
 62393 | D:25     | Entered Level 25 of the Dungeon
 62728 | D:25     | Reached XP level 23. HP: 178/243 MP: 39/39
 62744 | D:25     | Noticed Boris
 62752 | D:25     | Killed Boris
 63430 | D:26     | Gained mutation: Your magical capacity is low (-10% MP). [a shining eye]
 64741 | D:26     | Identified Ekhouk Oton's Tome of Summoning (You found it on level 26 of the Dungeon)
 64789 | D:26     | Learned a level 2 spell: Swiftness
 64792 | D:26     | Learned a level 2 spell: Repel Missiles
 64807 | D:27     | Entered Level 27 of the Dungeon
 65366 | D:27     | Reached skill level 15 in Dodging
 65947 | D:27     | Reached XP level 24. HP: 260/260 MP: 36/36
 66473 | D:27     | Found a portal to a secret trove of treasure.
 67742 | Vaults:5 | Entered Level 5 of the Vaults
 68674 | Vaults:5 | Rikelek: i see ur doing fine
 68689 | Vaults:5 | Kejsarherre: Yea
 68689 | Vaults:5 | Rikelek: trodde du hade en naga speccad med tornado
 68689 | Vaults:5 | Kejsarherre: dis char be opsz
 68689 | Vaults:5 | Kejsarherre: Nej inte jag
 68689 | Vaults:5 | Kejsarherre: SPECADE en meaning spectatade!
 68699 | Vaults:5 | Kejsarherre: Ganska nice att i princip få best in slot headen
 68699 | Vaults:5 | Rikelek: nu lät det väldigt logiskt
 68699 | Vaults:5 | Rikelek: haha ja ^^
 68699 | Vaults:5 | Rikelek: saknar inte mycket
 68699 | Vaults:5 | Kejsarherre: En annan resist istället för negative bara ^^
 68700 | Vaults:5 | Rikelek: bbl
 69788 | Vaults:5 | Reached skill level 15 in Evocations
 69883 | Vaults:5 | Reached XP level 25. HP: 250/275 MP: 36/36
 70000 | Vaults:5 | Reached skill level 5 in Spellcasting
 70112 | Vaults:5 | Got a silver rune of Zot
 70122 | Vaults:5 | Identified the Disquisition on Flight
 70587 | Lair:2   | Learned a level 4 spell: Dig
 70592 | Lair:2   | Learned a level 2 spell: Blink
 70599 | Lair:2   | Learned a level 6 spell: Deflect Missiles
 70960 | Crypt:1  | Entered Level 1 of the Crypt
 71031 | Crypt:1  | Noticed Frances
 71436 | Crypt:1  | Noticed Mennas
 72424 | Crypt:2  | Reached skill level 10 in Spellcasting
 72461 | Crypt:2  | Found a staircase to the Tomb.
 72557 | Crypt:2  | Reached skill level 1 in Charms
 72600 | Crypt:2  | Reached skill level 1 in Air Magic
 74223 | Crypt:3  | Reached skill level 5 in Charms
 74284 | Crypt:3  | Reached skill level 5 in Air Magic
 74328 | Crypt:3  | Got a warped cloak
 74332 | Crypt:3  | Identified the +0 cloak "Cror" {Str+1} (You found it on level 3 of the Crypt)
 74696 | Crypt:4  | Reached XP level 26. HP: 286/286 MP: 37/37
 75136 | Crypt:5  | Entered Level 5 of the Crypt
 75509 | Crypt:5  | Found a basalt altar of Yredelemnul.
 75509 | Crypt:5  | Noticed an ancient lich
 75518 | Crypt:5  | Killed an ancient lich
 76020 | Crypt:5  | Got a transparent wooden ring
 76031 | Crypt:5  | Identified the ring of Colizxur {+Inv rPois rC+ MP+9 Acc+4 Dam+3 Stlth++} (You found it on level 5 of the Crypt)
 76618 | D:21     | Voluntarily entered the Abyss.
 76618 | Abyss:1  | Found a corrupted altar of Lugonu.
 77280 | Abyss:5  | Entered Level 5 of the Abyss
 77935 | Abyss:5  | Reached XP level 27. HP: 187/295 MP: 37/37
 78033 | Abyss:5  | Paralysed by accursed screaming for 1 turns
 78046 | Abyss:5  | Reached skill level 10 in Charms
 78171 | Abyss:5  | Noticed an ancient lich
 78190 | Abyss:5  | Killed an ancient lich
 78190 | Abyss:5  | Reached skill level 10 in Air Magic
 78877 | Abyss:5  | Paralysed by accursed screaming for 1 turns
 79205 | Abyss:5  | Got an abyssal rune of Zot
 79225 | D:21     | Escaped the Abyss
 79666 | Trove    | Entered a treasure trove
 79730 | Trove    | Identified the Catalogue of Frigorific Self-Improvement
 79735 | Trove    | Got a flickering bone amulet
 79741 | Trove    | Got an encrusted storm dragon armour
 79763 | D:27     | Identified the +5 storm dragon armour "Lity" {rElec MR+ Str+3 Dex-2} (You found it in a treasure trove)
 79764 | D:27     | Identified the amulet of Pruatzoi {Inacc Dex+4 Int-3} (You found it in a treasure trove)
 80529 | Lair:2   | Learned a level 3 spell: Flight
 80778 | Slime:1  | Entered Level 1 of the Pits of Slime
 80788 | Slime:1  | Paralysed by a giant eyeball for 3 turns
 80893 | Slime:1  | Gained mutation: You occasionally shout uncontrollably. [a shining eye]
 81414 | Slime:2  | Gained mutation: Your body is slowly deteriorating. [a shining eye]
 81870 | Orc:4    | Bought a potion of cure mutation for 560 gold pieces
 81871 | Orc:4    | Lost mutation: You are very agile. (Dex +4) [potion of cure mutation]
 81871 | Orc:4    | Lost mutation: Your vision is a little blurry. [potion of cure mutation]
 81871 | Orc:4    | Lost mutation: You occasionally shout uncontrollably. [potion of cure mutation]
 81871 | Orc:4    | Lost mutation: Your magical capacity is low (-10% MP). [potion of cure mutation]
 82717 | Slime:2  | Paralysed by a giant eyeball for 2 turns
 83002 | Slime:6  | Entered Level 6 of the Pits of Slime
 83476 | Slime:6  | Noticed the royal jelly
 83513 | Slime:6  | Killed the royal jelly
 83986 | Slime:6  | Got a scintillating copper ring
 84501 | Slime:6  | Got a sparkling copper ring
 84551 | Slime:6  | Identified the Papyrus of Boosting Execration
 84567 | Slime:6  | Got a slimy rune of Zot
 84838 | Lair:2   | Identified the ring "Staycvoa" {Wiz rF+} (You found it on level 6 of the Pits of Slime)
 84839 | Lair:2   | Identified the ring of Behi Psuo {Str+2 Dex+2} (You found it on level 6 of the Pits of Slime)
 85041 | Elf:1    | Entered Level 1 of the Elven Halls
 86500 | Elf:3    | Entered Level 3 of the Elven Halls
 86503 | Elf:3    | Found a radiant altar of Vehumet.
 86619 | Elf:3    | Found Jiter's General Store.
 86888 | Elf:3    | Reached skill level 23 in Maces & Flails
 86909 | Elf:3    | Was placed under penance by the Shining One
 87404 | Elf:3    | Got an encrusted bardiche
 87415 | Elf:3    | Identified a +2 rod of inaccuracy (13/13) (You found it on level 3 of the Elven Halls)
 87420 | Elf:3    | Identified the +10,+0 bardiche of Extermination {chop, rC++ Int+1} (You found it on level 3 of the Elven Halls)
 87452 | Elf:3    | Identified Sojobo's Compendium of the Spheres
 87482 | Elf:3    | Identified Lom Lobon's Guide on the Compass
 87591 | Elf:3    | Identified Sif Muna's Disquisition on Ashen Stolen Souls
 88442 | Hell     | Entered the Vestibule of Hell
 88442 | Hell     | Noticed Geryon
 88467 | Hell     | Killed Geryon
 88467 | Hell     | Was forgiven by the Shining One
 88537 | Hell     | Found a gateway to the freezing wastes of Cocytus.
 88597 | Hell     | Found a gateway to the ashen valley of Gehenna.
 88846 | Hell     | Found a gateway to the decaying netherworld of Tartarus.
 88888 | Hell     | Found a gateway to the Iron City of Dis.
 88987 | Tar:1    | Entered Level 1 of Tartarus
 89998 | Tar:7    | Entered Level 7 of Tartarus
 90102 | Tar:7    | Got a flickering amber ring
 90121 | Tar:7    | Identified the cursed ring of Plezaw {EV-2 Stlth--} (You found it on level 7 of Tartarus)
 90542 | Tar:7    | Cast into the Abyss (reaper)
 90554 | Abyss:1  | Reached skill level 24 in Maces & Flails
 90559 | Abyss:1  | Noticed an ancient lich
 90573 | Abyss:1  | Killed an ancient lich
 90579 | Abyss:1  | Paralysed by accursed screaming for 2 turns
 90729 | Abyss:1  | Noticed an ancient lich
 90736 | Abyss:1  | Killed an ancient lich
 90958 | Tar:7    | Escaped the Abyss
 91159 | Tar:7    | Noticed Ereshkigal
 91189 | Tar:7    | Killed Ereshkigal
 91221 | Tar:7    | Got a bone rune of Zot
 91421 | Tar:7    | Reached skill level 25 in Maces & Flails
 91428 | Tar:7    | Got a twitching silver ring
 91431 | Tar:7    | Identified the ring "Cryceun" {Hunger rC+} (You found it on level 7 of Tartarus)
 91442 | Tar:7    | Noticed an ancient lich
 91443 | Tar:7    | Killed an ancient lich
 91656 | Geh:1    | Entered Level 1 of Gehenna
 91658 | Geh:1    | Found a basalt altar of Yredelemnul.
 91931 | Geh:2    | Paralysed by the effects of Hell for 2 turns
 92188 | Geh:6    | Reached skill level 26 in Maces & Flails
 92262 | Geh:7    | Entered Level 7 of Gehenna
 92451 | Geh:7    | Noticed the Serpent of Hell
 92456 | Geh:7    | Killed the Serpent of Hell
 92566 | Geh:7    | Identified the Papyrus of Boosting Conjuration
 92573 | Geh:7    | Identified the Collected Works on the Rocks
 92577 | Geh:7    | Identified the Compendium of Evil and Aid
 92606 | Geh:7    | Got a shimmering zirconium amulet
 92607 | Geh:7    | Identified the amulet of Pride {Inacc Dex+2 Int+1} (You found it on level 7 of Gehenna)
 92614 | Geh:7    | Identified the Handbook of Harmful Poison
 92634 | Geh:7    | Paralysed by the effects of Hell for 3 turns
 92656 | Geh:7    | Reached skill level 27 in Maces & Flails
 92788 | Geh:7    | Noticed Asmodeus
 92802 | Geh:7    | Killed Asmodeus
 92808 | Geh:7    | Got an obsidian rune of Zot
 92817 | Geh:7    | Rikelek: tabba ihjäl asmodeus, eh? ^^
 92818 | Geh:7    | Rikelek: u prety stronk
 92818 | Geh:7    | Kejsarherre: Ja ^^
 92818 | Geh:7    | Kejsarherre: Ereshkigal var inte så svår heller
 92818 | Geh:7    | Kejsarherre: Sparar Antaeus till sist förstås
 92896 | Geh:7    | Rikelek: redan gjort pan?
 92961 | Geh:7    | Kejsarherre: Näääeee
 92961 | Geh:7    | Kejsarherre: Pan är ju svårt
 92995 | Dis:1    | Entered Level 1 of the Iron City of Dis
 92996 | Dis:1    | Kejsarherre: Får man fortfarande poäng av sina items?
 92996 | Dis:1    | Rikelek: konstigt att alla gör det först förutom vi
 92996 | Dis:1    | Rikelek: hm
 92996 | Dis:1    | Rikelek: tror inte det
 93002 | Dis:1    | Kejsarherre: Askonstigt :O
 93002 | Dis:1    | Kejsarherre: Glorx o cerebov liksom
 93002 | Dis:1    | Kejsarherre: Mycket värre än vilka som helst
 93002 | Dis:1    | Kejsarherre: Bara Antaeus som är på deras nivå egentligen
 93085 | Dis:3    | Rikelek: lite hp du har
 93154 | Dis:4    | Kejsarherre: Japp!
 93191 | Dis:4    | Kejsarherre: Ogres so fucking stronk
 93332 | Dis:5    | Rikelek: har du spells eller klara du dig på bara invo?
 93644 | Dis:5    | Kejsarherre: Hatar diiiiiiiiiiiiis
 93644 | Dis:5    | Kejsarherre: Nä swiftness flight deflect missiles typ
 93644 | Dis:5    | Kejsarherre: Inte hittat blink eller haste -_-
 93644 | Dis:5    | Rikelek: lättast juee
 93713 | Dis:5    | Rikelek: meh!
 93716 | Dis:5    | Kejsarherre: Ja men layouten suger balle
 93721 | Dis:5    | Rikelek: tro
 93721 | Dis:5    | Kejsarherre: Tar en miljon turer
 93810 | Dis:6    | Kejsarherre: Glada hellions var idag då
 94195 | Dis:7    | Entered Level 7 of the Iron City of Dis
 94231 | Dis:7    | Rikelek: hej
 94255 | Dis:7    | Kejsarherre: Man kan inte påstå att hell sentinels är lätta
 94288 | Dis:7    | Rikelek: no thats a strech
 94292 | Dis:7    | Rikelek: bbl
 94864 | Dis:7    | Reached skill level 27 in Fighting
 95030 | Dis:7    | Identified a cursed +3 rod of frigid destruction (14/14) (You found it on level 7 of the Iron City of Dis)
 95283 | Dis:7    | Noticed Dispater
 95285 | Dis:7    | Was placed under penance by the Shining One
 95936 | Dis:7    | Got a crude eveningstar
 95939 | Dis:7    | Got a warped sapphire amulet
 96099 | Dis:7    | Lost mutation: You are agile. (Dex +2) [mutagenic glow]
 96140 | Dis:7    | Gained mutation: Your mind is acute. (Int +2) [mutagenic glow]
 96246 | Dis:7    | Gained mutation: Your body is deteriorating. [mutagenic glow]
 96887 | Dis:7    | Killed Dispater
 97319 | Dis:7    | Got an iron rune of Zot
 97324 | Dis:7    | Identified the Grimoire of Warped Augmentations
 97337 | Dis:7    | Learned a level 6 spell: Haste
 97419 | Dis:7    | Reached skill level 1 in Translocations
 98779 | Lair:2   | Learned a level 7 spell: Controlled Blink
 99214 | Coc:1    | Entered Level 1 of Cocytus
 99626 | Dis:6    | Reached skill level 5 in Translocations
 99674 | Dis:6    | Was forgiven by the Shining One
100826 | Coc:4    | Paralysed by the effects of Hell for 7 turns
101075 | Coc:7    | Entered Level 7 of Cocytus
101171 | Coc:7    | Reached skill level 10 in Translocations
101242 | Coc:7    | Gained mutation: You have a pair of small horns on your head. [potion of beneficial mutation]
101371 | Coc:7    | Noticed Antaeus
101394 | Coc:7    | Killed Antaeus
101414 | Coc:7    | Got an icy rune of Zot
101681 | Coc:7    | Identified the Tome of the Captivating Snowflakes
101893 | Pan      | Entered Pandemonium
102048 | Pan      | Identified the cursed amulet of Atuduqurr {+Rage Int+3} (You found it on level 7 of the Iron City of Dis)
102069 | Pan      | Found an exit through the horrors of the Abyss.
102195 | Pan      | Noticed Chefret the pandemonium lord
102202 | Pan      | Killed Chefret the pandemonium lord
102221 | Pan      | Rikelek: hemskt vault
102221 | Pan      | Kejsarherre: Hatar den
102221 | Pan      | Rikelek: bättre att digga runt
102231 | Pan      | Kejsarherre: ellleeer?
102231 | Pan      | Rikelek: ofta freezing cloud är smite också :D
102252 | Pan      | Rikelek: hade jag glömt
102282 | Pan      | Kejsarherre: Japp
102282 | Pan      | Kejsarherre: Första pandemonium
102288 | Pan      | Got a demonic rune of Zot
102366 | Pan      | Kejsarherre: Fick demonic rune på första om du missade det
102376 | Pan      | Gained mutation: You are clumsy. (Dex -2) [a neqoxec]
102378 | Pan      | Found an exit through the horrors of the Abyss.
102381 | Pan      | Rikelek: börjar bra : )
102412 | Pan      | Kejsarherre: Får jag en cure pot snart bara så blir jag nöjd
102412 | Pan      | Kejsarherre: 2 ranker av deteriorate -_-
102436 | Pan      | Rikelek: fyfan
102445 | Pan      | Rikelek: glömt rmut?
102445 | Pan      | Kejsarherre: Nä
102445 | Pan      | Kejsarherre: Contaminate sket fullständigt i det
102445 | Pan      | Kejsarherre: HEll effect
102449 | Pan      | Rikelek: justja
102460 | Pan      | Rikelek: fan inte mycket man kan göra åt det
102477 | Pan      | Rikelek: förutom scroll of vulnerability!
102477 | Pan      | Found an exit through the horrors of the Abyss.
102492 | Pan      | Kejsarherre: Funkar inte längre
102494 | Pan      | Rikelek: psssh syn!
102515 | Pan      | Kejsarherre: Har försökt!
102522 | Pan      | Found an exit through the horrors of the Abyss.
102667 | Pan      | Entered the realm of Lom Lobon.
102668 | Pan      | Kejsarherre: Lom lobon!
102668 | Pan      | Rikelek: 1 to 5 points of magic contamination.
102668 | Pan      | Rikelek: du kanske fick dålig roll
102668 | Pan      | Rikelek: nice, easymode
102670 | Pan      | Rikelek: han har verkligen aldrig varit ens lite svår
102697 | Pan      | Kejsarherre: Ice storm kan vara läskigt dock
102939 | Pan      | Noticed Lom Lobon
102957 | Pan      | Killed Lom Lobon
102961 | Pan      | Rikelek: woop!
102962 | Pan      | Kejsarherre: HELPLESS
102962 | Pan      | Kejsarherre: GIANT
102962 | Pan      | Kejsarherre: BRAIN
102962 | Pan      | Kejsarherre: COMEOON SHINING
102962 | Pan      | Rikelek: inte slå stackars hjälplösa hjärnan : (
102966 | Pan      | Rikelek: tänkte samma sak : P
102968 | Pan      | Rikelek: syns sen?
102977 | Pan      | Got a magical rune of Zot
102978 | Pan      | Kejsarherre: Vet ej när jag gymmar
102978 | Pan      | Rikelek: boo : (
102978 | Pan      | Rikelek: vi ser väl!
102978 | Pan      | Kejsarherre: Blir nog 17 typ
102978 | Pan      | Kejsarherre: 1730
103659 | Pan      | Gained mutation: Armour fits poorly on your strangely shaped body. [a neqoxec]
103728 | Pan      | Found an exit through the horrors of the Abyss.
103953 | Pan      | Paralysed by a giant eyeball for 3 turns
104093 | Pan      | Entered the realm of Gloorx Vloq.
104439 | Pan      | Reached skill level 15 in Translocations
104551 | Pan      | Noticed Gloorx Vloq
104562 | Pan      | Killed Gloorx Vloq
104640 | Pan      | Got a dark rune of Zot
104745 | Pan      | Entered the realm of Cerebov.
104931 | Pan      | Noticed Cerebov
105037 | Pan      | Killed Cerebov
105365 | Pan      | Identified Jugg's Disquisition on Arcane Weapons and Earth
105390 | Pan      | Got a glittering platinum ring
105459 | Pan      | Got a fiery rune of Zot
105512 | Pan      | Gained mutation: Your magical capacity is low (-10% MP). [a neqoxec]
105610 | Pan      | Found an exit through the horrors of the Abyss.
106156 | Pan      | Identified the ring of the Traitor {Wiz Dex+1 Int+2} (You found it in Pandemonium)
106266 | Pan      | Gained mutation: You are weak. (Str -2) [a cacodemon]
106517 | Pan      | Entered the realm of Mnoleg.
106517 | Pan      | Noticed Mnoleg
106558 | Pan      | Paralysed by a giant eyeball for 3 turns
106561 | Pan      | HP: 14/319 [Mnoleg (3)]
106563 | Pan      | Demolished by a large abomination

Action                   |  1- 3 |  4- 6 |  7- 9 | 10-12 | 13-15 | 16-18 | 19-21 | 22-24 | 25-27 || total
-------------------------+-------+-------+-------+-------+-------+-------+-------+-------+-------++-------
Melee: Mace              |   100 |   218 |   105 |     6 |       |       |       |       |       ||   429
       Giant club        |       |       |    13 |       |       |       |       |       |       ||    13
       Giant spiked club |       |       |   224 |   668 |  1175 |  1534 |  1329 |  1204 |  5471 || 11605
       Rod               |       |       |       |       |       |       |       |     1 |     2 ||     3
 Fire: Bow               |       |       |       |    14 |       |       |       |       |       ||    14
Throw: Large rock        |       |       |       |     3 |       |     1 |     2 |       |       ||     6
 Cast: Apportation       |       |       |       |       |       |     3 |       |       |     2 ||     5
       Repel Missiles    |       |       |       |       |       |       |       |     2 |       ||     2
       Swiftness         |       |       |       |       |       |       |       |       |    20 ||    20
       Haste             |       |       |       |       |       |       |       |       |    15 ||    15
       Flight            |       |       |       |       |       |       |       |       |    13 ||    13
       Deflect Missiles  |       |       |       |       |       |       |       |       |     4 ||     4
Invok: Cleansing Flame   |       |       |       |       |       |     1 |       |       |     6 ||     7
       Divine Shield     |       |       |       |       |       |       |       |     3 |     4 ||     7
       Summon Divine War |       |       |       |       |       |       |       |       |    18 ||    18
 Abil: Evoke Berserk Rag |       |       |       |     6 |     1 |     4 |       |       |     2 ||    13
Evoke: Wand              |       |       |     6 |     5 |     6 |     2 |     4 |     9 |    31 ||    63
       Rod               |       |       |       |       |       |    27 |    68 |    31 |    16 ||   142
       Miscellaneous     |       |       |       |       |       |       |       |       |    10 ||    10
  Use: Potion            |     1 |     2 |       |     9 |     3 |     6 |     7 |     3 |    27 ||    58
       Scroll            |       |       |    21 |    17 |    23 |    24 |    17 |     9 |    41 ||   152
 Stab: Distracted        |       |       |     1 |       |       |       |       |       |    33 ||    34
       Sleeping          |       |       |     1 |       |       |       |       |       |       ||     1
       Confused          |       |       |       |       |     3 |       |       |       |       ||     3
       Fleeing           |       |       |       |       |     1 |       |     1 |       |     2 ||     4
       Petrified         |       |       |       |       |     2 |       |       |       |       ||     2
